 Dungeon Crawl Stone Soup version 0.13-a0-3073-ga7cf4ae (webtiles) character file.

1193 Duskembrace the Ruffian (level 7, -16/67 HPs)
             Began as a Troll Monk on Sept 16, 2013.
             Was a Priest of Makhleb.
             Killed from afar by a kobold (24 damage)
             ... with a wand of draining
             ... on Level 6 of the Dungeon.
             The game lasted 00:16:58 (3390 turns).

Duskembrace the Ruffian (Troll Monk)                Turns: 3390, Time: 00:16:59

HP -16/67        AC  5     Str 20      XL: 7   Next: 76%
MP  11/11        EV 11     Int  6      God: Makhleb [***...]
Gold 311         SH  0     Dex 14      Spells:  0 memorised,  6 levels left

Res.Fire  : . . .   See Invis. : .     - Unarmed
Res.Cold  : . . .   Warding    : .   u - +0 robe (curse)
Life Prot.: . . .   Conserve   : .   (shield restricted)
Res.Poison: .       Res.Corr.  : .   (helmet restricted)
Res.Elec. : .       Clarity    : .   (no cloak)
Sust.Abil.: . .     Spirit.Shd : .   (gloves unavailable)
Res.Mut.  : .       Stasis     : .   (boots unavailable)
Res.Rott. : .       Flight     : .   (no amulet)
Gourmand  : +                        (no ring)
                                     r - ring of magical power

@: heavily drained, slightly resistant to hostile enchantments, unstealthy
A: unfitting armour, claws 3, fast metabolism 3, gourmand, regeneration 2,
saprovore 2, tough skin 2, AC +1
a: Minor Destruction, Lesser Servant of Makhleb, Renounce Religion


You were on level 6 of the Dungeon.
You worshipped Makhleb.
Makhleb was greatly pleased with you.
You were very full.

You visited 2 branches of the dungeon, and saw 7 of its levels.

You collected 311 gold pieces.

Inventory:

Missiles
 y - 15 darts (quivered)
 J - 4 large rocks
Armour
 a - a +0 robe
 u - a cursed +0 robe (worn)
 H - a +2 robe
Magical devices
 n - a wand of flame (11) {unknown}
Comestibles
 b - 4 meat rations
 l - a rambutan
 q - a beef jerky
 s - a pear
 v - 5 bread rations
 G - 3 apples
 I - a cheese
 L - a chunk of rat flesh
Scrolls
 d - 2 scrolls of curse armour {unknown}
 f - a scroll of enchant armour {unknown}
 h - 4 scrolls of fog {unknown}
 i - 3 scrolls of remove curse
 j - 2 scrolls of amnesia {unknown}
 k - 6 scrolls of teleportation {unknown}
 o - 5 scrolls of identify {unknown}
 t - a scroll of enchant weapon II {unknown}
 z - a scroll of fear {unknown}
 C - a scroll of magic mapping {unknown}
 D - a scroll of recharging {unknown}
 E - a scroll of curse weapon {unknown}
 F - a scroll of random uselessness {unknown}
Jewellery
 m - an uncursed ring of teleportation
 r - a ring of magical power (left claw)
Potions
 c - 2 potions of curing {unknown}
 e - 4 potions of heal wounds {unknown}
 g - a potion of slowing {unknown}
 w - a potion of speed {unknown}
 x - a potion of poison {unknown}
 A - a potion of cure mutation {unknown}
 B - a potion of restore abilities {unknown}
Books
 p - a book of the Earth

   Spells                             Type                      Level
   Dig                                Earth                        4
   Leda's Liquefaction                Hexes/Earth                  4
   Bolt of Magma                      Conjuration/Fire/Earth       5
   Statue Form                        Transmutation/Earth          6
   Iron Shot                          Conjuration/Earth            6
   Shatter                            Earth                        9


   Skills:
 + Level 4.1(2.4) Fighting
 + Level 5.3(3.6) Dodging
 + Level 1.9(0.3) Stealth
 + Level 6.3(4.5) Unarmed Combat


You had 6 spell levels left.
You didn't know any spells.

Dungeon Overview and Level Annotations

Branches:
Dungeon (6/27)             Temple (1/1) D:4
    Orc: D:6-11

Altars:
Ashenzari
Elyvilon
Fedhas
Kikubaaqudgha
Makhleb
Nemelex Xobeh
Trog
Xom
Yredelemnul
Zin
Lugonu


Innate Abilities, Weirdness & Mutations

You are too large for most types of armour.
You have claws for hands.
Your metabolism is lightning-fast.
You like to eat raw meat.
You heal very quickly.
You can eat rotten meat.
You are covered in fur (AC +1).
You have very tough skin (AC +2).


Message History

The goliath beetle bites you but does no damage.
You hit the goliath beetle.
The goliath beetle is moderately wounded.
You hit the goliath beetle.
The goliath beetle is moderately wounded.
The goliath beetle bites you!
You claw the goliath beetle!
The goliath beetle is heavily wounded.
You hit the goliath beetle.
The goliath beetle is severely wounded.
You hit the goliath beetle.
The goliath beetle is severely wounded.
The goliath beetle bites you!
* * * LOW HITPOINT WARNING * * *
There is an open door here.
There is an escape hatch in the floor here.
The kobold zaps a wand.
The bolt of negative energy hits you!
You feel drained.
* * * LOW HITPOINT WARNING * * *
The kobold zaps a wand.
The bolt of negative energy hits you!
You feel drained.
You die...

#. ##### #. ....# #. ....# #[
....# #. ....# #. (...# #.
....############################.
.>..........K...@................
#######################.....#####
#.....# #.....# #.....# .'.......
##.....## #######


You could see a kobold.

Vanquished Creatures
  Menkaure (D:5)
  An ogre (D:5)
  A centaur (D:5)
  Sigmund (D:5)
  Blork the orc (D:5)
  A giant frog (D:6)
  The ghost of Econoterrorist the Insei, a weakling DsMo (D:3)
  A crimson imp (D:5)
  A scorpion (D:5)
  5 worker ants
  3 gnolls (D:5)
  3 adders
  A giant mite (D:5)
  2 worms
  An adder zombie (D:5)
  A giant eyeball (D:6)
  3 giant geckos
  An ooze (D:5)
  6 orcs
  3 ball pythons
  3 giant cockroaches
  14 hobgoblins
  2 jackals (D:6)
  7 kobolds
  A quokka (D:3)
  5 bats
  7 giant newts
  17 goblins
  A goblin skeleton (D:5)
  A goblin zombie (D:5)
  A kobold zombie (D:5)
  7 rats
104 creatures vanquished.

Notes
Turn   | Place    | Note
--------------------------------------------------------------
     0 | D:1      | Duskembrace, the Troll Monk, began the quest for the Orb.
     0 | D:1      | Reached XP level 1. HP: 20/20 MP: 0/0
   211 | D:1      | Found a sparkling altar of Nemelex Xobeh.
   245 | D:1      | Reached XP level 2. HP: 22/28 MP: 0/0
   538 | D:2      | Reached XP level 3. HP: 36/36 MP: 1/1
  1201 | D:3      | Found a shattered altar of Ashenzari.
  1400 | D:3      | Noticed Econoterrorist's ghost (weakling DsMo)
  1499 | D:3      | Killed Econoterrorist's ghost
  1499 | D:3      | Reached XP level 4. HP: 44/44 MP: 1/1
  1723 | D:4      | Found a staircase to the Ecumenical Temple.
  1728 | Temple   | Entered the Ecumenical Temple
  1742 | Temple   | Became a worshipper of Makhleb the Destroyer
  1742 | Temple   | Acquired Makhleb's first power
  1742 | Temple   | Acquired Makhleb's second power
  1828 | D:4      | Found a white marble altar of Elyvilon.
  1869 | D:4      | Reached XP level 5. HP: 48/50 MP: 1/1
  2101 | D:4      | Reached skill level 5 in Unarmed Combat
  2214 | D:4      | Found a blossoming altar of Fedhas.
  2327 | D:5      | Entered Level 5 of the Dungeon
  2481 | D:5      | Noticed an ogre
  2501 | D:5      | Killed an ogre
  2501 | D:5      | Reached XP level 6. HP: 48/59 MP: 2/2
  2579 | D:5      | Found a shimmering altar of Xom.
  2583 | D:5      | Found a sparkling altar of Nemelex Xobeh.
  2584 | D:5      | Found a glowing silver altar of Zin.
  2652 | D:5      | Noticed Sigmund
  2664 | D:5      | Killed Sigmund
  2672 | D:5      | Noticed Menkaure
  2681 | D:5      | Killed Menkaure
  2681 | D:5      | Reached XP level 7. HP: 36/67 MP: 2/2
  2782 | D:5      | Noticed Blork the orc
  2783 | D:5      | Noticed a centaur
  2789 | D:5      | Killed Blork the orc
  2796 | D:5      | Killed a centaur
  2796 | D:5      | Reached skill level 5 in Dodging
  2796 | D:5      | Reached skill level 6 in Unarmed Combat
  3165 | D:6      | Acquired Makhleb's third power
  3226 | D:6      | Paralysed by a giant eyeball for 3 turns
  3358 | D:6      | HP: 1/67 [goliath beetle (22)]
  3390 | D:6      | Killed from afar by a kobold

Action                   |  1- 3 |  4- 6 |  7- 9 || total
-------------------------+-------+-------+-------++-------
Melee: Unarmed           |   115 |    98 |    70 ||   283
  Use: Scroll            |       |     1 |       ||     1
